 Dungeon Crawl Stone Soup version 0.23.2-1-ga50397a (webtiles) character file.

Game seed: 9172735399082796368

176 diana the Skirmisher (level 5, -2/42 HPs)
             Began as a Demonspawn Fighter on May 24, 2019.
             Slain by an orc priest
             ... wielding a +0 mace
              (6 damage)
             ... on level 3 of the Dungeon.
             The game lasted 00:01:58 (2386 turns).

diana the Skirmisher (Demonspawn Fighter)           Turns: 2386, Time: 00:01:59

Health: -2/42      AC:  6    Str: 18    XL:     5   Next: 30%
Magic:  5/5        EV:  8    Int:  9    God:
Gold:   138        SH:  9    Dex: 12    Spells: 4/4 levels left

rFire    . . .     SeeInvis .   a - +0 war axe
rCold    . . .     Gourm    .   c - +0 shield
rNeg     . . .     Faith    .   b - +0 scale mail
rPois    .         Spirit   .   (helmet restricted)
rElec    .         Reflect  .   (no cloak)
rCorr    .         Harm     .   (no gloves)
MR       .....                  (no boots)
Stlth    ..........             (no amulet)
HPRegen  0.14/turn              (no ring)
MPRegen  0.09/turn              (no ring)

@: flying
A: horns 1, rot immunity, sturdy frame 1
a: no special abilities


You were on level 3 of the Dungeon.
You were not hungry.

You visited 1 branch of the dungeon, and saw 3 of its levels.

You collected 138 gold pieces.

Inventory:

Hand Weapons
 a - a +0 war axe (weapon)
Armour
 b - a +0 scale mail (worn)
 c - a +0 shield (worn)
Jewellery
 l - an uncursed ring of poison resistance {unknown}
 m - an uncursed amulet of rage {unknown}
Scrolls
 e - 2 scrolls of remove curse {unknown}
 g - 4 scrolls of identify {unknown}
 i - a scroll of enchant armour {unknown}
 j - a scroll of immolation {unknown}
 k - 4 scrolls of teleportation {unknown}
 n - a scroll of random uselessness {unknown}
 o - a scroll of blinking {unknown}
 q - a scroll of fog {unknown}
Potions
 d - a potion of might
Comestibles
 f - 2 rations


   Skills:
 + Level 3.7 Fighting
 * Level 3.2 Axes
 + Level 3.3 Armour
 + Level 1.5 Dodging
 + Level 3.2 Shields


You had 4 spell levels left.
You didn't know any spells.
Your spell library was empty.

Dungeon Overview and Level Annotations

Branches:
Dungeon (3/15)

Altars:
Fedhas


Innate Abilities, Weirdness & Mutations

You have a pair of small horns on your head.
You are immune to rotting.
Your movements are slightly less encumbered by armour. (ER -2)


Message History

a +0 scale mail; an orc corpse x2
You hit the orc priest. Your headbutt misses the orc priest.
The orc priest is moderately wounded.
You closely miss the orc wizard.
Your shield and scale mail prevent you from hitting the orc.
You block the orc wizard's attack. The orc hits you but does no damage.
The orc priest hits you but does no damage.
You barely miss the orc priest. You headbutt the orc priest.
The orc priest is heavily wounded.
You hit the orc wizard. You slash the orc!
You kill the orc!
The orc wizard hits you but does no damage.
You block the orc priest's attack. The orc wizard closely misses you.
You barely miss the orc priest.
The orc priest is heavily wounded.
You miss the orc wizard.
The orc priest calls upon Beogh to heal the orc wizard.
The orc wizard's wounds heal themselves!
The orc wizard barely misses you. The orc priest hits you with a +0 mace.
You die...

........# #.# ##. ###.....#
######.# ###..####.....# #......#
........#.....###......#
..............'.'.......
#.............#.#......#
#.............#.#.......
#......[......#.######..
#.....o@...####.# #..
#......o.#.## #.# #..
##########..# #.# #..
#################.###.# ##.
...............##..##.# #..
########.#.####.......##.########
.......†......#........#.........
......##.#.##.#......#.#.########
...)..+....##.'......#.#.#


You could see an orc priest and an orc wizard.

Vanquished Creatures
  An orc priest (D:3)
  Natasha (D:3)
  A killer bee zombie (D:2)
  2 adders
  An ooze (D:2)
  2 worms (D:2)
  4 dart slugs
  2 leopard geckos
  5 orcs (D:3)
  2 giant cockroaches
  3 goblins (D:1)
  7 hobgoblins
  4 jackals (D:1)
  2 quokkas (D:2)
  9 bats
  2 frilled lizards
  9 kobolds
  2 rats
59 creatures vanquished.

Notes
Turn   | Place    | Note
-------+----------+-------------------------------------------
     0 | D:1      | diana the Demonspawn Fighter began the quest for the Orb.
     0 | D:1      | Reached XP level 1. HP: 18/18 MP: 1/1
   212 | D:1      | Gained mutation: You are immune to rotting. [demonic
                  | ancestry]
   212 | D:1      | Reached XP level 2. HP: 20/24 MP: 2/2
   542 | D:1      | Gained mutation: You have a pair of small horns on your
                  | head. [demonic ancestry]
   542 | D:1      | Reached XP level 3. HP: 29/29 MP: 3/3
   865 | D:2      | Reached skill level 1 in Dodging
   913 | D:2      | Gained mutation: Your movements are slightly less
                  | encumbered by armour. (ER -2) [demonic ancestry]
   913 | D:2      | Reached XP level 4. HP: 23/35 MP: 4/4
  1864 | D:3      | Found a blossoming altar of Fedhas.
  2099 | D:3      | Noticed Natasha
  2107 | D:3      | Killed Natasha
  2237 | D:3      | Reached XP level 5. HP: 42/42 MP: 5/5
  2386 | D:3      | Slain by an orc priest

Skill      XL: |  1  2  3  4 |
---------------+-------------+-----
Axes           | 2 3 |  3.2
Armour         | 3 |  3.3
Shields        | 3 |  3.2
Dodging        | 1 |  1.5
Fighting       | |  3.7

Action                   |  1- 3 |  4- 6 || total
-------------------------+-------+-------++-------
Melee: War axe           |   134 |    77 ||   211
       Headbutt          |    10 |    12 ||    22
  Use: Potion            |       |     1 ||     1
  Eat: Chunk             |       |     5 ||     5
Armor: Scale mail        |    77 |    38 ||   115
Dodge: Dodged            |    50 |    28 ||    78
Block: Shield            |    84 |    51 ||   135
